 Dungeon Crawl Stone Soup version 0.20.0-15-g7f486f2 (webtiles) character file.

86 Gargoyl the Skirmisher (level 4, -9/40 HPs)
             Began as a Draconian Abyssal Knight on June 18, 2017.
             Was a Follower of Lugonu.
             Mangled by an orc warrior
             ... wielding a +0 glaive
              (16 damage)
             ... on level 2 of the Dungeon.
             The game lasted 00:05:15 (2238 turns).

Gargoyl the Skirmisher (Draconian Abyssal Knight)   Turns: 2238, Time: 00:05:16

Health: -9/40      AC:  7    Str: 15    XL:     4   Next: 27%
Magic:  14/14      EV: 13    Int: 12    God:    Lugonu [*.....]
Gold:   199        SH:  0    Dex: 13    Spells: 3/3 levels left

rFire    . . .     SeeInvis .   f - +5 glaive "Udworoffo" {speed, Dex+2}
rCold    . . .     Gourm    .   (shield currently unavailable)
rNeg     . . .     Faith    .   (armour unavailable)
rPois    .         Spirit   .   (helmet restricted)
rElec    .         Reflect  .   (no cloak)
rCorr    .         Harm     .   k - +1 pair of gloves
MR       .....                  (no boots)
Stlth    +.........             (no amulet)
Regen    0.2/turn               g - ring of magical power
MPRegen  0.2/turn               (no ring)

@: no status effects
A: unfitting armour, cold-blooded, AC +5
a: Depart the Abyss, Renounce Religion


You were on level 2 of the Dungeon.
You worshipped Lugonu.
Lugonu was aware of your devotion.
You were not hungry.

You visited 1 branch of the dungeon, and saw 3 of its levels.
You visited the Abyss 1 time.

You collected 199 gold pieces.

Inventory:

Hand Weapons
 a - a +1 hand axe
 f - the +5 glaive "Udworoffo" (weapon) {speed, Dex+2}
   (You found it on level 2 of the Abyss)

   Attacks with this weapon are significantly faster.
   It affects your dexterity (+2).
Missiles
 h - 3 javelins (quivered)
Armour
 k - a +1 pair of gloves (worn)
Jewellery
 g - a ring of magical power (left hand)
Scrolls
 e - a scroll of amnesia
 j - a scroll of identify
 l - 2 scrolls of remove curse {unknown}
Comestibles
 b - 4 bread rations
 c - a meat ration
 d - 2 royal jellies
 i - 4 fruits


   Skills:
 + Level 4.1 Fighting
 + Level 2.2(2.6) Axes
   Level 0.2(1.3) Maces & Flails
 + Level 2.0(2.4) Polearms
 * Level 2.5 Dodging
 * Level 0.6 Stealth
 * Level 2.3 Invocations


You had 3 spell levels left.
You didn't know any spells.

Dungeon Overview and Level Annotations

Branches:
Dungeon (3/15)

Altars:
Fedhas
Sif Muna
Xom


Innate Abilities, Weirdness & Mutations

Your plain brown scales are hard. (AC +5)
You cannot fit into any form of body armour.
You are cold-blooded and may be slowed by cold attacks.


Message History

There is a stone staircase leading down here.
You closely miss the orc warrior.
Your tail-slap misses the orc warrior.
The orc warrior closely misses you.
You slash the orc warrior!
You tail-slap the orc warrior, but do no damage.
The orc warrior is moderately wounded.
The orc hits you with a flail. The orc warrior barely misses you.
You closely miss the orc warrior.
Your tail-slap misses the orc warrior.
The orc warrior is moderately wounded.
The orc barely misses you.
You closely miss the orc warrior.
The orc warrior is moderately wounded.
The orc warrior hits you with a glaive!!
Ouch! That really hurt!
* * * LOW HITPOINT WARNING * * *
The orc completely misses you.
You slash the orc warrior!
The orc warrior is almost dead.
The orc warrior hits you with a glaive!
You die...

## #.....#########
.# ##...##.......#
.#####.##...####.#
............# #.#
.#####.##...# #.# .#
##'###### #.# .#
##...## #####.#
####.....###...#.#
###.......##...o@##
##.........#....o.##
.'.........'.......#
##.........####...##
###...._..## ##.## #
##.....## #.# #
##...## #.# # ##'##
#.# # #.# #.#


You could see an orc warrior and an orc.

Vanquished Creatures
  3 adders
  An ooze (D:1)
  2 worms (D:2)
  A leopard gecko (D:1)
  5 orcs (D:3)
  3 bats
  3 giant cockroaches
  2 goblins
  4 hobgoblins
  3 jackals (D:3)
  6 kobolds
  2 quokkas (D:2)
  2 frilled lizards
  2 rats (D:2)
39 creatures vanquished.

Notes
Turn   | Place    | Note
-------+----------+-------------------------------------------
     0 | Abyss:1  | Gargoyl the Draconian Abyssal Knight began the quest for the Orb.
     0 | Abyss:1  | Reached XP level 1. HP: 19/19 MP: 2/2
   149 | Abyss:2  | Got a pitted mace
   150 | Abyss:2  | Identified the +11 mace of the Mind {chaos, rN+} (You found it on level 2 of the Abyss)
   158 | Abyss:2  | Noticed a blink frog
   165 | Abyss:2  | Got a crude glaive
   171 | Abyss:2  | Noticed a large abomination
   183 | D:1      | Escaped the Abyss
   198 | D:1      | Identified the +5 glaive "Udworoffo" {speed, Dex+2} (You found it on level 2 of the Abyss)
   361 | D:1      | Reached XP level 2. HP: 24/26 MP: 3/3
   600 | D:1      | Reached * piety under Lugonu
  1065 | D:2      | Found a shimmering altar of Xom.
  1140 | D:2      | Reached XP level 3. HP: 29/33 MP: 4/4
  1214 | D:2      | Reached skill level 4 in Fighting
  1295 | D:2      | Reached skill level 1 in Polearms
  1388 | D:2      | Found a deep blue altar of Sif Muna.
  1840 | D:3      | Found a deep blue altar of Sif Muna.
  1888 | D:3      | Reached XP level 4. HP: 37/40 MP: 5/5
  2017 | D:3      | Noticed an orc warrior
  2018 | D:3      | Found a blossoming altar of Fedhas.
  2238 | D:2      | Mangled by an orc warrior

Skill      XL: |  1  2  3  4 |
---------------+-------------+-----
Fighting       | 4 |  4.1
Polearms       | 1 2 |  2.0
Axes           | |  2.2
Maces & Flails | |  0.2
Dodging        | |  2.5
Stealth        | |  0.6
Invocations    | |  2.3

Action                   |  1- 3 |  4- 6 || total
-------------------------+-------+-------++-------
Melee: Glaive            |    60 |    24 ||    84
       Mace              |     3 |       ||     3
       Tailslap          |     8 |     3 ||    11
Throw: Javelin           |       |     2 ||     2
Invok: Depart the Abyss  |     1 |       ||     1
  Use: Scroll            |     6 |       ||     6
  Eat: Chunk             |     2 |     2 ||     4
Armor: Skin              |    26 |     8 ||    34
Dodge: Dodged            |    71 |    15 ||    86
